 Dungeon Crawl Stone Soup version 0.26.1-2-gb8aa6d0cf2 (webtiles) character file.

Game seed: 10455912843824077178

77548 Electrofox the Nimble (level 15, -4/126 HPs)
             Began as a Red Draconian Ice Elementalist on Mar 22, 2021.
             Was an Elder of Sif Muna.
             Slain by a merfolk
             ... wielding a +0 trident
              (19 damage)
             ... on level 2 of the Shoals on Mar 26, 2021.
             The game lasted 04:25:20 (33720 turns).

Electrofox the Nimble (DrIE)                       Turns: 33720, Time: 04:25:20

Health: -4/126     AC: 15    Str: 12    XL:     15   Next: 15%
Magic:  1/39       EV: 23    Int: 25    God:    Sif Muna [****..]
Gold:   1066       SH:  0    Dex: 12    Spells: 5/34 levels left

rFire    + . .     SeeInvis .   b - +0 fustibalus
rCold    + . .     Faith    +   (no shield)
rNeg     . . .     Spirit   .   (armour unavailable)
rPois    .         Reflect  .   P - +3 hat of Pondering {ponderous, Will+ MP+10 Int+5}
rElec    .         Harm     .   y - +0 cloak
rCorr    .         Rampage  .   r - +1 pair of gloves
Will     ++...                  (no boots)
Stlth    +++.......             K - amulet of faith
HPRegen  0.31/turn              u - ring of protection from cold
MPRegen  0.26/turn              S - +4 ring of evasion

@: brilliant, slow
A: breathe fire, unfitting armour, fire resistance 1, cold-blooded, AC +9
a: Breathe Fire, Renounce Religion, Channel Magic, Forget Spell, Divine Exegesis


You were on level 2 of the Shoals.
You worshipped Sif Muna.
Sif Muna was greatly pleased with you.
You visited 5 branches of the dungeon, and saw 21 of its levels.
You also visited: Sewer.

You collected 1066 gold pieces.

Inventory:

Hand Weapons
 a - a +2 dagger of speed
 b - a +0 fustibalus (weapon)
Missiles
 e - 7 curare-tipped darts
 t - 13 poisoned darts
 D - 209 sling bullets (quivered ammo)
Armour
 r - a +1 pair of gloves (worn)
 y - a +0 cloak (worn)
 P - the +3 hat of Pondering (worn) {ponderous, Will+ MP+10 Int+5}
   (You took it off Gastronok on level 2 of the Lair of Beasts)

   It affects your intelligence (+5).
   It affects your willpower, your defense against some magical effects.
   It affects your magic capacity (+10).
Jewellery
 l - an uncursed ring of poison resistance
 u - a ring of protection from cold (left hand)
 G - an uncursed ring of stealth
 K - an amulet of faith (around neck)
 R - an uncursed ring of willpower
 S - a +4 ring of evasion (right hand)
 U - a cursed amulet of inaccuracy {unknown}
Wands
 i - a wand of polymorph (25)
 m - a wand of iceblast (7)
 n - a wand of flame (85)
 E - a wand of acid (8)
 O - a wand of digging (4)
 T - a wand of enslavement (9)
Scrolls
 d - a scroll of amnesia
 f - 3 scrolls of enchant weapon
 g - 5 scrolls of fear
 h - 6 scrolls of remove curse
 p - 3 scrolls of immolation
 q - 4 scrolls of teleportation
 v - 4 scrolls of enchant armour
 A - 2 scrolls of fog
 F - 3 scrolls of blinking
 I - 3 scrolls of identify
 M - a scroll of magic mapping
 N - a scroll of summoning
 Q - a scroll of silence
Potions
 c - 4 potions of curing
 j - 2 potions of flight
 k - 3 potions of haste
 o - 3 potions of might
 s - 2 potions of resistance
 x - 3 potions of mutation
 z - 5 potions of brilliance
 B - 4 potions of ambrosia
 C - 2 potions of lignification
 H - 2 potions of cancellation
 J - 2 potions of berserk rage
Miscellaneous
 L - a lightning rod (3/4)


   Skills:
 - Level 10.0 Fighting
 - Level 10.4 Short Blades
 - Level 0.1 Staves
 - Level 12.0 Dodging
 + Level 5.2 Stealth
 - Level 10.0 Spellcasting
 - Level 6.0 Conjurations
 - Level 5.0 Hexes
 - Level 2.5 Transmutations
 * Level 6.8 Fire Magic
 - Level 7.0 Ice Magic
 - Level 3.0 Air Magic
 - Level 9.0 Poison Magic
 - Level 4.0 Invocations
 - Level 3.6 Evocations


You had 5 spell levels left.
You knew the following spells:

 Your Spells              Type           Power        Failure   Level
a - Freeze                Ice            100%         1%          1
b - Frozen Ramparts       Ice            100%         1%          3
c - Ozocubu's Armour      Ice            63%          1%          3
d - Hailstorm             Conj/Ice       61%          3%          4
e - Confusing Touch       Hex            54%          1%          3
f - Mephitic Cloud        Conj/Pois/Air  59%          1%          3
g - Ignite Poison         Fire/Tmut/Pois 59%          1%          3
h - Olgreb's Toxic Radia  Pois           72%          1%          4
i - Apportation           Tloc           36%          4%          1
k - Sticky Flame          Conj/Fire      61%          3%          4

Your spell library contained the following spells:

 Spells                   Type           Power        Failure   Level
 Corona                   Hex            60%          1%          1
 Shock                    Conj/Air       100%         1%          1
 Sting                    Tmut/Pois      100%         1%          1
 Poisonous Vapours        Pois/Air       100%         1%          2
 Conjure Flame            Conj/Fire      61%          1%          3
 Spider Form              Tmut/Pois      29%          1%          3
 Animate Skeleton         Necr           36%          4%          1
 Summon Small Mammal      Summ           72%          4%          1
 Ice Form                 Ice/Tmut       53%          7%          4
 Fireball                 Conj/Fire      30%          10%         5
 Summon Ice Beast         Ice/Summ       45%          12%         4
 Metabolic Englaciation   Hex/Ice        29%          12%         5
 Alistair's Intoxication  Tmut/Pois      38%          13%         5
 Gell's Gravitas          Tloc           9%           14%         3
 Petrify                  Tmut/Erth      28%          28%         4
 Yara's Violent Unravell  Hex/Tmut       23%          28%         5
 Animate Dead             Necr           9%           43%         4
 Borgnjor's Vile Clutch   Necr/Erth      9%           80%         5
 Ozocubu's Refrigeration  Ice            31%          38%         6
 Starburst                Conj/Fire      30%          50%         6
 Freezing Cloud           Conj/Ice/Air   28%          65%         6
 Simulacrum               Ice/Necr       22%          87%         6
 Death Channel            Necr           9%           100%        6
 Ignition                 Fire           31%          100%        8
 Fire Storm               Conj/Fire      30%          100%        9


Dungeon Overview and Level Annotations

Branches:
Dungeon (11/15)            Temple (1/1) D:7            Lair (6/6) D:10
 Shoals (2/4) Lair:3        Snake (1/4) Lair:2        Slime (0/5) Lair:6
    Orc (0/2) D:10          Sewer (visited)

Altars:
Ashenzari
Cheibriados
Dithmenos
Elyvilon
Fedhas
Gozag
Hepliaklqana
Kikubaaqudgha
Makhleb
Nemelex Xobeh
Okawaru
Qazlal
Ru
Sif Muna
Trog
Uskayaw
Vehumet
Wu Jian
Xom
Yredelemnul
Zin
The Shining One
Jiyva

Shops:
D:4 *   D:11 =   Shoals:1 :

Annotations:
D:5 exclusions: orc and phantom, Grinder
D:11 exclusions: hydra, sky beast, ugly thing and worker ant, Snorg
Lair:1 exclusion: oklob plant
Lair:4 3 runed translucent doors, exclusion: 3 doors, Uqugekk's ghost, journeyman MiBe
Lair:6 exclusion: 3 oklob plants
Snake:1 exclusion: orange crystal statue


Innate Abilities, Weirdness & Mutations

You can breathe blasts of fire.
Your fiery red scales are hard. (AC +9)
You cannot fit into any form of body armour.
Your flesh is heat resistant. (rF+)
You are cold-blooded and may be slowed by cold attacks.


Message History

Casting: Ozocubu's Armour (safe; 1% risk of failure)
Confirm with . or Enter, or press ? or * to list all spells.
Casting: Hailstorm (mildly dangerous; 3% risk of failure)
Press: ? - help, Dir - look around, f - activate You feel a surge of power!
A cannonade of hail descends around you!
The hail pelts the merfolk!
The merfolk is moderately wounded.
The merfolk seems less confused.
The merfolk barely misses you.
Casting: Hailstorm (mildly dangerous; 3% risk of failure)
Confirm with . or Enter, or press ? or * to list all spells.
Aiming: Mephitic Cloud (safe; 1% risk of failure)
Press: ? - help, Shift-Dir - straight line, f - merfolk
Aim: a merfolk, wielding a +0 trident and quivering 3 stones (moderately wounded)
You feel a surge of power!
The ball explodes into a vile cloud!
The stinking cloud engulfs the merfolk but does no damage.
The merfolk is moderately wounded.
The merfolk is engulfed in noxious fumes.
The merfolk hits you from afar with a +0 trident!!
You die...

#...###......≈≈≈.###...#...≈≈≈..
##.......^..≈≈≈≈...........<≈≈≈≈
#.....###.≈.≈≈≈.........≈..≈≈≈≈
#....###.......#..####).≈≈≈≈≈≈≈ #
##..##...≈≈≈≈.....####...≈≈≈≈≈≈
## #.## #.≈≈≈≈≈≈≈≈...÷##..≈≈≈≈≈≈≈
.# ### #.≈≈≈≈≈≈≈≈...÷.)..≈≈≈≈≈≈≈≈
#### ##.≈≈≈≈≈≈≈≈.☼§○....≈≈≈≈≈≈≈≈≈
...# #.≈≈≈≈≈≈≈..@.m☼(..≈≈≈≈≈≈≈.≈≈
≈≈.# #.≈≈≈≈≈≈...≈○☼§...(≈≈≈≈≈≈≈≈.
≈..###.≈≈≈≈....≈≈.......≈≈≈≈≈≈≈≈≈
≈.......≈≈...(.≈..###..≈≈≈≈.≈≈≈≈≈
≈≈≈............≈..# ##........≈≈≈
≈≈≈..............≈.##........).≈≈
≈≈....###....≈..≈≈≈≈>≈.....#>...≈
≈≈≈...##.....≈≈≈≈≈≈≈≈≈≈....(.....
≈≈≈≈≈..≈≈...≈..≈≈≈≈≈≈≈≈≈≈..(.....


You could see a merfolk.

Vanquished Creatures
  Rupert (Lair:5)
  Gastronok (Lair:2)
  Nessos (Lair:5)
  Harold (Lair:2)
  A boulder beetle (Lair:4)
  3 hydras
  2 catoblepae
  A merfolk avatar (Lair:6)
  A two-headed ogre (D:11)
  Sonja (Lair:4)
  4 sea snakes
  Pikel (D:4)
  12 harpies
  An ugly thing (D:8)
  7 manticores
  6 fauns
  28 elephants
  A centaur zombie (D:11)
  4 black mambas
  Maurice (D:8)
  A water nymph (Shoals:2)
  6 merfolk sirens
  9 cane toads
  2 torpor snails
  5 rime drakes
  11 komodo dragons
  5 merfolk
  4 polar bears (Lair:6)
  2 wind drakes
  2 hornets (Lair:6)
  22 blink frogs
  12 dream sheep (Lair:6)
  4 snapping turtles (Shoals:2)
  Sigmund (D:4)
  A shadow (D:10)
  A wraith (D:10)
  52 yaks
  17 wyverns
  4 basilisks
  Eustachio (D:5)
  3 nagas (Lair:2)
  23 water moccasins
  5 ice beasts
  4 orc warriors
  3 sky beasts
  2 phantoms (D:8)
  5 black bears
  25 wolves
  2 ogres
  A lemure (D:4)
  3 centaurs
  A big kobold (Sewer)
  12 bullfrogs
  3 scorpions
  7 killer bees
  2 electric eels
  2 howler monkeys (D:4)
  A quasit (D:8)
  4 jellies
  5 orc priests
  Crazy Yiuf (D:5)
  5 hounds
  13 orc wizards
  2 centaur skeletons
  6 iguanas
  10 worker ants
  2 hound zombies
  4 hound skeletons
  2 worker ant zombies
  Robin (D:4)
  16 adders
  4 gnolls (D:7)
  3 river rats
  5 shadow imps
  2 white imps
  An ooze (D:1)
  An adder skeleton (D:4)
  3 worms
  2 dart slugs (D:1)
  8 leopard geckos
  44 orcs
  6 bats
  12 giant cockroaches
  13 goblins
  9 hobgoblins
  5 jackals
  8 quokkas
  3 ball pythons
  5 frilled lizards
  A jackal skeleton (D:8)
  8 kobolds
  A leopard gecko zombie (D:6)
  9 rats
568 creatures vanquished.

Vanquished Creatures (others)
  A manticore (Shoals:2)
  70 fungi
  166 plants
237 creatures vanquished.

Grand Total: 805 creatures vanquished

Notes
Turn   | Place    | Note
-------+----------+-------------------------------------------
     0 | D:1      | Electrofox the Draconian Ice Elementalist began the quest
                  | for the Orb.
     0 | D:1      | Reached XP level 1. HP: 14/14 MP: 3/3
   181 | D:1      | Reached XP level 2. HP: 18/20 MP: 1/5
   995 | D:2      | Reached XP level 3. HP: 23/26 MP: 3/6
  1071 | D:2      | Learned a level 3 spell: Frozen Ramparts
  1075 | D:2      | Learned a level 3 spell: Ozocubu's Armour
  1208 | D:2      | Reached skill level 5 in Ice Magic
  1534 | D:2      | Reached XP level 4. HP: 32/33 MP: 5/8
  2190 | D:3      | Reached XP level 5. HP: 38/38 MP: 5/9
  2594 | D:3      | Found an ancient bone altar of Kikubaaqudgha.
  3667 | D:4      | Reached XP level 6. HP: 24/45 MP: 1/11
  3929 | D:4      | Learned a level 4 spell: Hailstorm
  3970 | D:4      | Noticed Sigmund
  3985 | D:4      | Killed Sigmund
  4117 | D:4      | Noticed Robin
  4118 | D:4      | Your scales start taking on a fiery red colour.
  4118 | D:4      | Reached XP level 7. HP: 50/50 MP: 5/13
  4118 | D:4      | Gained mutation: Your flesh is heat resistant. (rF+) [Red
                  | Draconian growth]
  4127 | D:4      | Killed Robin
  4484 | D:4      | Found Zin's Purification Station.
  4492 | D:4      | Found a glowing silver altar of Zin.
  4773 | D:4      | Found a snail-covered altar of Cheibriados.
  4890 | D:5      | Entered Level 5 of the Dungeon
  5156 | D:4      | Noticed Pikel
  5167 | D:4      | Killed Pikel
  5168 | D:4      | Reached skill level 5 in Spellcasting
  5168 | D:4      | Reached XP level 8. HP: 47/57 MP: 4/16
  5391 | D:5      | Found a runed translucent door.
  5392 | D:5      | Noticed Crazy Yiuf
  5401 | D:5      | Killed Crazy Yiuf
  5497 | D:5      | Found a broken altar of Ashenzari.
  5669 | D:5      | Noticed Eustachio
  5875 | D:5      | Killed Eustachio
  5970 | D:5      | Noticed Grinder
  6749 | D:6      | Found a glowing drain.
  6844 | Sewer    | Entered a sewer
  6864 | Sewer    | Reached skill level 5 in Conjurations
  7034 | Sewer    | Found a white marble altar of Elyvilon.
  7186 | D:6      | Found a shimmering blue altar of Sif Muna.
  7191 | D:6      | Became a worshipper of Sif Muna the Loreminder
  7685 | D:6      | Reached skill level 4 in Dodging
  7685 | D:6      | Reached XP level 9. HP: 78/78 MP: 17/20
  8180 | D:6      | Reached XP level 10. HP: 80/84 MP: 18/21
  8502 | D:7      | Found a staircase to the Ecumenical Temple.
  8508 | Temple   | Entered the Ecumenical Temple
  9526 | D:7      | Found a bloodstained altar of Trog.
  9529 | D:7      | Found a hazy altar of Hepliaklqana.
  9530 | D:7      | Found a glowing golden altar of the Shining One.
  9631 | D:7      | Found an ancient bone altar of Kikubaaqudgha.
  9631 | D:7      | Found a radiant altar of Vehumet.
  9772 | D:7      | Learned a level 3 spell: Confusing Touch
  9968 | D:8      | Reached skill level 1 in Hexes
 10068 | D:8      | Noticed Maurice
 10068 | D:8      | Noticed a two-headed ogre
 10184 | D:8      | Reached * piety under Sif Muna
 10499 | D:8      | Noticed a green ugly thing
 10770 | D:8      | Killed a green ugly thing
 10977 | D:8      | Killed Maurice
 12415 | D:9      | Found a stormy altar of Qazlal.
 12712 | D:9      | Reached ** piety under Sif Muna
 12944 | D:9      | Found a sacrificial altar of Ru.
 12957 | D:10     | Entered Level 10 of the Dungeon
 13245 | D:10     | Reached XP level 11. HP: 79/91 MP: 1/23
 13383 | D:10     | Found a staircase to the Orcish Mines.
 13428 | D:10     | Reached skill level 5 in Hexes
 13444 | D:10     | Found a staircase to the Lair.
 13638 | D:10     | Identified the cursed +0 mace of Terror {elec, rPois rC+}
 13638 | D:10     | Identified the +7 chain mail of the Harvest {rN+}
 13923 | D:10     | Reached *** piety under Sif Muna
 14239 | D:11     | Found a gate leading to a gauntlet.
 14306 | D:10     | Reached skill level 5 in Dodging
 15054 | D:11     | Reached skill level 10 in Short Blades
 15058 | D:11     | Found Leacs's Jewellery Boutique.
 15444 | D:11     | Found a stormy altar of Qazlal.
 15681 | D:11     | Noticed Snorg
 15754 | D:11     | Killed a two-headed ogre
 15885 | D:11     | Noticed a seven-headed hydra
 15933 | D:11     | Noticed a purple ugly thing
 15995 | Lair:1   | Entered Level 1 of the Lair of Beasts
 16589 | Lair:1   | Reached skill level 1 in Invocations
 16589 | Lair:1   | Reached skill level 1 in Evocations
 16632 | Lair:1   | Noticed an oklob plant
 16735 | Lair:1   | Reached **** piety under Sif Muna
 17053 | Lair:2   | Reached skill level 6 in Dodging
 17084 | Lair:2   | Noticed Harold
 17302 | Lair:2   | Found a staircase to the Snake Pit.
 17662 | D:6      | Identified Sif Muna's Catalogue of Confrontation
 17856 | Lair:2   | Reached XP level 12. HP: 98/103 MP: 22/24
 17873 | Lair:2   | Noticed Gastronok
 18055 | Lair:2   | Killed Harold
 18219 | Lair:2   | Killed Gastronok
 19009 | Lair:3   | Learned a level 3 spell: Mephitic Cloud
 19013 | Lair:3   | Learned a level 3 spell: Ignite Poison
 19125 | Lair:3   | Reached skill level 1 in Fire Magic
 19140 | Lair:3   | Noticed a seven-headed hydra
 19173 | Lair:3   | Reached skill level 1 in Poison Magic
 19199 | Lair:3   | Killed a seven-headed hydra
 19749 | Snake:1  | Entered Level 1 of the Snake Pit
 20204 | Lair:3   | Reached skill level 5 in Poison Magic
 20210 | Lair:3   | Learned a level 4 spell: Olgreb's Toxic Radiance
 21406 | Lair:4   | Reached skill level 7 in Dodging
 21419 | Lair:4   | Reached XP level 13. HP: 111/111 MP: 13/25
 21815 | Lair:4   | Reached skill level 8 in Dodging
 22275 | Lair:4   | Noticed Sonja
 22294 | Lair:4   | Killed Sonja
 22412 | Lair:4   | Found a runed translucent gate.
 22412 | Lair:4   | Found a runed translucent gate.
 22412 | Lair:4   | Found a runed translucent gate.
 22413 | Lair:4   | Noticed Uqugekk's ghost (journeyman MiBe)
 22413 | Lair:4   | Noticed a death ooze
 22414 | Lair:4   | Found a viscous altar of Jiyva.
 22432 | Lair:4   | Got a buzzing hand axe
 22441 | Lair:4   | Identified the +1 hand axe of Akuher {protect, rF++} (You
                  | found it on level 4 of the Lair of Beasts)
 22704 | Lair:4   | Reached skill level 9 in Dodging
 23087 | Lair:5   | Reached ***** piety under Sif Muna
 23143 | Lair:5   | Identified Sif Muna's Collected Works on Venomous Ice (Sif
                  | Muna gifted it to you on level 5 of the Lair of Beasts)
 23143 | Lair:5   | Received a gift from Sif Muna
 23669 | Lair:5   | Reached skill level 10 in Dodging
 23961 | Lair:5   | Noticed Nessos
 24945 | Lair:5   | Reached skill level 11 in Dodging
 25098 | Lair:5   | Noticed Rupert
 25118 | Lair:5   | Killed Rupert
 25871 | Lair:6   | Entered Level 6 of the Lair of Beasts
 26068 | Lair:6   | Found a staircase to the Slime Pits.
 26068 | Lair:6   | Found a viscous altar of Jiyva.
 26507 | Lair:5   | Killed Nessos
 26508 | Lair:5   | Reached skill level 1 in Air Magic
 26849 | Lair:6   | Reached XP level 14. HP: 93/118 MP: 25/26
 27154 | Lair:6   | Received a gift from Sif Muna
 27908 | Lair:6   | Reached skill level 12 in Dodging
 29411 | Lair:3   | Found a staircase to the Shoals.
 29867 | Lair:6   | Learned a level 1 spell: Apportation
 29978 | Lair:6   | Reached skill level 10 in Spellcasting
 30170 | Lair:6   | Reached skill level 1 in Transmutations
 30660 | Lair:2   | Learned a level 1 spell: Shock
 30705 | Shoals:1 | Entered Level 1 of the Shoals
 30742 | Shoals:1 | Found Xuashruch's Book Boutique.
 30889 | Shoals:1 | Identified Rufybbug's Handbook of Flames (Sif Muna gifted
                  | it to you on level 1 of the Shoals)
 30889 | Shoals:1 | Received a gift from Sif Muna
 30970 | Shoals:1 | Learned a level 4 spell: Sticky Flame
 32235 | Shoals:1 | Reached skill level 10 in Fighting
 32965 | Shoals:2 | Reached skill level 5 in Fire Magic
 32965 | Shoals:2 | Reached XP level 15. HP: 95/126 MP: 23/29
 33699 | Shoals:2 | Reached skill level 5 in Stealth
 33710 | Shoals:2 | HP: 5/126 [merfolk/stone (14)]
 33720 | Shoals:2 | Slain by a merfolk

Illustrated notes

Levels and vault maps discovered:
D:1:      dpeg_arrival_signposts, layout_basic
D:2:      layout_loops_ring, kennysheep_generic_room_4
D:3:      wad_woods_stonehenge, layout_basic, minmay_liquid_box,
          kennysheep_big_empty_room
D:4:      layout_gridville, nicolae_overflow_hidden_temple, zin_purify,
          uniq_robin, uniq_pikel, uniq_sigmund
D:5:      layout_basic, old_standard_altar, serial_corexii_hall,
          corexii_hall_statues_x, chequers_hall_statues_corner_a,
          minmay_fractal_squares_gapless_5, uniq_crazy_yiuf_cottage,
          uniq_grinder, uniq_eustachio
D:6:      layout_gridville, portal_sewer_entry_a, led_sif_book
D:7:      layout_loops_cross, gammafunk_temple_overflow_forgotten, minitemple,
          minmay_temple_entry_arrows, grunt_decor_one_mirror
D:8:      layout_layer_cave, hex_large, uniq_maurice
D:9:      layout_loops_cross, general_overflow_altar, kennysheep_mini
D:10:     layout_roguey, minmay_lair_entry_grove, orc_0_dummy
D:11:     layout_cave_pools, basic_altar, serial_shops, shop_coins,
          gauntlet_entry_generic, uniq_snorg
Temple:   minmay_temple_forest_path
Lair:1:   layout_chaotic_city, minmay_lair_oklob_bushes
Lair:2:   layout_gridlike, guppyfry_snake_entry_garden, grunt_megastairs_3,
          uniq_gastronok, uniq_harold
Lair:3:   layout_cave_pods, elwin_shoals_entry_rooms, minivault_25
Lair:4:   layout_cave_pods, gammafunk_ghost_ooze, beast_lair_carwin_10,
          serial_bayou_shore_a, grunt_megastairs_5, infiniplex_staircase_pool,
          uniq_sonja
Lair:5:   layout_regular_city, beast_lair_carwin_7, uniq_nessos, uniq_rupert
Lair:6:   gammafunk_lair_ancient_temple, layout_concentric_octagons,
          slime_altar_1, st_stairs_8, dpeg_oklob_1
Shoals:1: layout_shoals, serial_shops, nicolae_shop_waterfront
Shoals:2: layout_shoals
Snake:1:  cheibrodos_toxic_ritual, layout_grid_shapes, dpeg_stationary_puzzle

Skill      XL: |  1  2  3  4  5  6  7  8  9 10 11 12 13 14 15 |
---------------+----------------------------------------------+-----
Ice Magic      | 5 6 6 7 |  7.0
Spellcasting   | 3 4 5 7 8 10 | 10.0
Conjurations   | 3 5 6 |  6.0
Fighting       | 6 8 9 10 | 10.0
Short Blades   | 6 8 10 | 10.4
Dodging        | 4 6 7 11 12 | 12.0
Hexes          | 4 5 |  5.0
Invocations    | 2 4 |  4.0
Evocations     | 2 3 |  3.6
Fire Magic     | 3 5 6 |  6.8
Poison Magic   | 7 9 |  9.0
Air Magic      | 1 3 |  3.0
Transmutations | 2 |  2.5
Stealth        | 4 5 |  5.2
Staves         | |  0.1

Action                   |  1- 3 |  4- 6 |  7- 9 | 10-12 | 13-15 || total
-------------------------+-------+-------+-------+-------+-------++-------
Melee: Unarmed           |     5 |       |       |       |       ||     5
       Tailslap          |     3 |     2 |    17 |   145 |   155 ||   322
       Whip              |     1 |     7 |       |       |       ||     8
       Short sword       |       |     6 |    66 |       |       ||    72
       Dagger            |       |       |    99 |   983 |   938 ||  2020
       Quarterstaff      |       |       |    13 |       |       ||    13
 Fire: Hunting sling     |       |       |       |   106 |    10 ||   116
       Fustibalus        |       |       |       |       |    36 ||    36
Throw: Stone             |    26 |    36 |       |       |       ||    62
       Dart              |       |       |    15 |    57 |    40 ||   112
 Cast: Freeze            |    45 |    82 |    67 |   189 |   240 ||   623
       Frozen Ramparts   |       |     6 |     9 |    47 |    39 ||   101
       Ozocubu's Armour  |       |     2 |     7 |    34 |    35 ||    78
       Hailstorm         |       |       |     5 |    51 |   124 ||   180
       Confusing Touch   |       |       |       |    11 |     7 ||    18
       Mephitic Cloud    |       |       |       |     6 |    18 ||    24
       Ignite Poison     |       |       |       |     3 |    14 ||    17
       Olgreb's Toxic Ra |       |       |       |     1 |    12 ||    13
       Sticky Flame      |       |       |       |       |     9 ||     9
       Apportation       |       |       |       |       |     4 ||     4
       Shock             |       |       |       |       |     2 ||     2
 Abil: Breathe Fire      |       |       |     5 |    34 |    21 ||    60
Evoke: Lightning rod     |       |       |       |       |     6 ||     6
  Use: Scroll            |       |     2 |    13 |    11 |    10 ||    36
       Potion            |       |       |     2 |     2 |     8 ||    12
 Stab: Sleeping          |       |       |     1 |       |     1 ||     2
       Confused          |       |       |       |     2 |    12 ||    14
       Distracted        |       |       |       |       |     1 ||     1
Armor: Skin              |     5 |    15 |    73 |   236 |   260 ||   589
Dodge: Dodged            |    19 |    33 |   143 |   718 |  1082 ||  1995
